 Dungeon Crawl Stone Soup version 0.29.1-1-gd02db6906a (webtiles) character file.

Game seed: 10308579530609797548

8 RogueRain17 the Insei (level 2, 22/22 HPs)
             Began as a Demonspawn Gladiator on Sept 18, 2022.
             Got out of the dungeon alive.
             The game lasted 00:00:53 (433 turns).

RogueRain17 the Insei (Demonspawn Gladiator)         Turns: 433, Time: 00:00:53

Health: 22/22      AC:  5    Str: 14    XL:     2   Next: 0%
Magic:  2/2        EV: 12    Int:  9    God:
Gold:   25         SH:  0    Dex: 14    Spells: 1/1 levels left

rFire   . . .      SeeInvis .     - Unarmed
rCold   . . .      Faith    .   (no shield)
rNeg    . . .      Spirit   .   a - +0 leather armour
rPois   .          Reflect  .   b - +0 helmet
rElec   .          Harm     .   f - +0 cloak
rCorr   .          Rampage  .   (no gloves)
Will    .....                   (no boots)
Stlth   +.........              (no amulet)
HPRegen 0.07/turn               (no ring)
MPRegen 0.08/turn               (no ring)

@: no status effects
A: weakness stinger 1
a: no special abilities


You escaped.
You visited 1 branch of the dungeon, and saw 1 of its levels.

You collected 25 gold pieces.

Inventory:

Missiles
 c - 3 throwing nets (quivered)
 d - a javelin
Armour
 a - a +0 leather armour (worn)
 b - a +0 helmet (worn)
 f - a +0 cloak (worn)
Scrolls
 e - a scroll of teleportation {unknown}
 g - a scroll of identify {unknown}


   Skills:
 - Level 2.0 Fighting
 - Level 1.7 Throwing
 + Level 2.8 Dodging
 * Level 3.1 Unarmed Combat


You had one spell level left.
You didn't know any spells.
Your spell library contained the following spells:

 Spells                   Type           Power      Damage    Failure   Level
 Ignite Poison            Fire/Tmut/Pois 0%         N/A       83%         3
 Mephitic Cloud           Conj/Pois/Air  0%         N/A       83%         3
 Freezing Cloud           Conj/Ice/Air   0%         6-21      100%        5


Dungeon Overview and Level Annotations

Branches:
Dungeon (1/15)

Altars:


Innate Abilities, Weirdness & Mutations

You have a small tail.


Message History

You see here 4 stones.
You now have 25 gold pieces (gained 13).
Found a short sword.
g - a scroll labelled OQURRO OCOHUOMP You see here a +0 short sword.
Found a stone staircase leading down.
A rat comes into view.
The rat bites you but does no damage.
You hit the rat.
You kill the rat!
No target in view!
No target in view!
No target in view!
No target in view!
No target in view!
No target in view!
No target in view!
No target in view!
No target in view!
No target in view!
No target in view!
A quokka comes into view.
You see here a rat corpse.
The quokka closely misses you.
You hit the quokka.
The quokka is heavily wounded.
The quokka misses you.
You hit the quokka.
You kill the quokka!
You have reached level 2!
Your demonic ancestry asserts itself...
You grow a small tail.
You see here a rat corpse.
You see here a +0 short sword.
Found a knobbly onyx ring.
Things that are here:
a +0 dagger; a +0 club; a goblin skeleton
There is a staircase leading out of the dungeon here.
Are you sure you want to leave the Dungeon?
This will make you lose the game!
You have escaped!
PPP.PPP.PPP.PPPPP.
PP.PPP.P.PPP.PPP.P PP.PP.PPP.PP.PP.PP .....PPPPP.....PPP PP.PP.PPP.PP.PP.PP PP.PPP.P.PPP.PPP.P PPP.PPP.PPP.PPPPP.
PPPP.PP.PP.PPPPPP.
PPPPP..@..PPPPPPP.
PPPPPPP.PPPPPPPPP.
PPPPPPP.PPPPPPPPP.
PPPPPP.P.PPPPPPP.
PPPPP.PPP.PPPPP. .....PPPPP.....
PP.PPPPPPPPPPPP ####..##.###...

There were no monsters in sight!

Vanquished Creatures
  2 bats (D:1)
  A giant cockroach (D:1)
  A quokka (D:1)
  2 goblins (D:1)
  2 rats (D:1)
8 creatures vanquished.

Vanquished Creatures (others)
  A plant (D:1)
1 creature vanquished.

Grand Total: 9 creatures vanquished

Notes
Turn   | Place    | Note
-------+----------+-------------------------------------------
     0 | D:1      | RogueRain17 the Demonspawn Gladiator began the quest for
                  | the Orb.
     0 | D:1      | Reached XP level 1. HP: 16/16 MP: 1/1
    59 | D:1      | Reached skill level 3 in Unarmed Combat
   355 | D:1      | Gained mutation: You have a small tail. [demonic ancestry]
   355 | D:1      | Reached XP level 2. HP: 22/22 MP: 2/2
   433 | D:$      | Got out of the dungeon alive.

Illustrated notes

Levels and vault maps discovered:
D:1:      roderic_crop_circles_arrival_large, layout_loops_ring,
          hellmonk_ecumenical_altar_leap_of_faith, minmay_hexomino_u4

Skill      XL: |  1 |
---------------+----+-----
Unarmed Combat | 3 |  3.1
Fighting       | |  2.0
Throwing       | |  1.7
Dodging        | |  2.8

Action                   || total
-------------------------++-------
Melee: Unarmed           ||    37
Armor: Leather armour    ||    15
Dodge: Dodged            ||    29
